 Dungeon Crawl Stone Soup version 0.29.1-12-g30fa7ad0bf (webtiles) character file.

Game seed: 14391728172229207188

58578 GeoRichter the Cleaver (level 14, -4/114 HPs)
             Began as a Demonspawn Artificer on Dec 23, 2022.
             Was a High Priest of Nemelex Xobeh.
             Slain by a deep troll (12 damage)
             ... on level 2 of the Orcish Mines.
             The game lasted 00:55:28 (21157 turns).

GeoRichter the Cleaver (Demonspawn Artificer)      Turns: 21157, Time: 00:55:29

Health: -4/114     AC: 18    Str: 25    XL:     14   Next: 50%
Magic:  5/19       EV: 16    Int: 13    God:    Nemelex Xobeh [*****.]
Gold:   1024       SH:  0    Dex: 12    Spells: 13/13 levels left

rFire   + . .      SeeInvis .   a - +5 battleaxe
rCold   + + .      Faith    .   (shield currently unavailable)
rNeg    . . .      Spirit   .   M - +0 swamp dragon scales
rPois   +          Reflect  .   j - +0 hat {Will+}
rElec   .          Harm     .   P - +1 cloak {rCorr}
rCorr   +          Rampage  +   (no gloves)
Will    +....                   T - +2 pair of boots {rampage}
Stlth   ++........              S - amulet of regeneration
HPRegen 1.09/turn               I - ring of protection from fire
MPRegen 0.16/turn               g - ring "Pyfui" {Wiz *Corrode rC++ Str+8 Dex-2}

@: weak-willed, hasted, studying Dodging, very quick
A: horns 2, icy blue scales 2, spiny 1, demonic magic 2, low MP 1
a: Renounce Religion, Draw Escape, Draw Destruction, Draw Summoning, Triple
Draw, Deal Four, Stack Five


You were on level 2 of the Orcish Mines.
You worshipped Nemelex Xobeh.
Nemelex Xobeh was extremely pleased with you.
You visited 4 branches of the dungeon, and saw 19 of its levels.
You also visited: Gauntlet and Ice Cave.

You collected 1180 gold pieces.
You spent 156 gold pieces at shops.

Inventory:

Hand Weapons
 a - a +5 battleaxe (weapon)
   (You took it off a wight on level 8 of the Dungeon)
 b - a +2 battleaxe of flaming
   (You took it off a minotaur in a Gauntlet)
 c - a +0 executioner's axe of freezing
   (You found it in an ice cave)
Missiles
 i - 9 javelins (quivered)
 N - 8 curare-tipped darts {!f}
 W - 6 throwing nets {!f}
Armour
 j - a +0 hat of willpower (worn)
   (You took it off Gastronok on level 10 of the Dungeon)
 M - +0 swamp dragon scales (worn)
   (You took it off Maggie on level 8 of the Dungeon)
 O - a +2 hat
   (You found it on level 10 of the Dungeon)
 P - a +1 cloak of preservation (worn)
   (You found it in a Gauntlet)
 R - the +0 cloak of the Saviour {Slay+2}
   (You found it in a Gauntlet)

   Slay:      It affects your accuracy & damage with ranged weapons and melee
   (+2).
 T - a +2 pair of boots of rampaging (worn)
   (You found it in a Gauntlet)
Jewellery
 g - the ring "Pyfui" (right hand) {Wiz *Corrode rC++ Str+8 Dex-2}
   (You found it on level 5 of the Lair of Beasts)

   [ring of wizardry]

   It improves your spell success rate.
   Str:       It affects your strength (+8).
   Dex:       It affects your dexterity (-2).
   rC:        It greatly protects you from cold.
   *Corrode:  It may corrode you when you take damage.
 n - the ring "Mattan" {Fire Will+ Int+3}
   (You found it in a Gauntlet)

   [ring of fire]

   It enhances your fire magic.
   Int:       It affects your intelligence (+3).
   rF:        It protects you from fire.
   rC:        It makes you vulnerable to cold.
   Will:      It increases your willpower.
 t - a ring of protection from cold
   (You took it off a merfolk on level 2 of the Lair of Beasts)
 x - a ring of see invisible
   (You found it on level 4 of the Dungeon)
 I - a ring of protection from fire (left hand)
   (You found it on level 4 of the Lair of Beasts)
 S - an amulet of regeneration (around neck)
   (You took it off a minotaur in a Gauntlet)
Wands
 d - a wand of charming (3)
 m - a wand of paralysis (9)
   (You found it on level 7 of the Dungeon)
 D - a wand of roots (11)
   (You took it off a centaur on level 5 of the Dungeon)
 V - a wand of digging (2)
   (You found it in a Gauntlet)
Scrolls
 e - 2 scrolls of magic mapping
 k - 4 scrolls of enchant armour
 r - a scroll of amnesia
 A - 6 scrolls of enchant weapon
 E - a scroll of immolation {!r}
 G - 8 scrolls of vulnerability {!r}
 J - a scroll of identify {@r1}
 Q - a scroll of silence {unknown}
Potions
 f - 5 potions of might
 h - 4 potions of brilliance
 l - 6 potions of curing {@q1}
 o - 4 potions of cancellation
 p - 2 potions of lignification {!q}
 q - 4 potions of mutation {!q}
 v - a potion of haste {@q3}
 z - 3 potions of flight
 B - 4 potions of resistance
 K - 3 potions of invisibility {unknown}
 L - a potion of attraction {unknown}
Miscellaneous
 y - a tin of tremorstones (2/2)
   (You found it on level 2 of the Lair of Beasts)


   Skills:
 - Level 11.8 Fighting
 * Level 13.7 Axes
 - Level 9.0 Armour
 - Level 12.3 Dodging
 - Level 5.6 Stealth
 - Level 10.9 Invocations
 - Level 6.0 Evocations


You had 13 spell levels left.
You didn't know any spells.
Your spell library contained the following spells:

 Spells                   Type           Power      Damage    Failure   Level
 Apportation              Tloc           0%         N/A       17%         1
 Freeze                   Ice            0%         1d3       17%         1
 Necrotise                Necr           0%         1d4       17%         1
 Sandblast                Erth           0%         2d4       17%         1
 Summon Small Mammal      Summ           0%         N/A       17%         1
 Ensorcelled Hibernation  Hex/Ice        0%         N/A       26%         2
 Passwall                 Tmut/Erth      0%         N/A       26%         2
 Scorch                   Fire           0%         2d5       26%         2
 Conjure Flame            Conj/Fire      0%         6-21      45%         3
 Frozen Ramparts          Ice            0%         1d1       45%         3
 Gell's Gravitas          Tloc           0%         N/A       45%         3
 Stone Arrow              Conj/Erth      0%         3d7       45%         3
 Swiftness                Air            0%         N/A       45%         3
 Teleport Other           Tloc           0%         N/A       45%         3
 Hailstorm                Conj/Ice       0%         3d3       83%         4
 Passage of Golubria      Tloc           0%         N/A       83%         4
 Silence                  Hex/Air        0%         N/A       99%         5
 Dispersal                Tloc           0%         N/A       100%        6
 Iron Shot                Conj/Erth      0%         9d1       100%        6
 Lehudib's Crystal Spear  Conj/Erth      0%         10d2      100%        8


Dungeon Overview and Level Annotations

Branches:
Dungeon (11/15) Zot: 25655  Temple (1/1) D:4 Zot: 5672    Lair (5/5) D:11 Zot: 22791
 Shoals (0/4) Lair:2        Snake (0/4) Lair:3        Slime (0/5) Lair:5
    Orc (2/2) D:10 Zot: 11953   IceCv (visited)         Gauntlet (visited)
    Elf: Orc:2

Altars:
Ashenzari
Cheibriados
Dithmenos
Fedhas
Gozag
Hepliaklqana
Kikubaaqudgha
Makhleb
Nemelex Xobeh
Okawaru
Ru
Sif Muna
Trog
Uskayaw
Vehumet
Wu Jian
Xom
Yredelemnul

Shops:
D:8 **:   Orc:2 ?

Portals:
Hell: Lair:5

Annotations:
D:11 3 runed translucent doors, Ubergnu's ghost, journeyman MiBe


Innate Abilities, Weirdness & Mutations

You have a pair of horns on your head.
You are mostly covered in icy blue scales. (AC +3)
You are partially covered in sharp spines.
Spells you cast may paralyse nearby enemies.
Your magical capacity is low. (-10% MP)


Message History

The snapping turtle closely misses you. The ogre is struck by your spines.
The ogre completely misses you. The alligator bites you.
The alligator tail-slaps you!
* * * LOW HITPOINT WARNING * * *
You slice the alligator!!
You kill the alligator!
The ettin returns to its original shape as it dies.
You slash the ogre!
You kill the ogre!
You slash the deep troll! You slash the ogre!
The deep troll closely misses you.
The deep troll claws you but does no damage.
The deep troll misses you.
The snapping turtle bites you from afar!
* * * LOW HITPOINT WARNING * * *
The snapping turtle closely misses you. The ogre barely misses you.
The deep troll barely misses you. The deep troll misses you.
The deep troll barely misses you.
You slice the ogre!!
You kill the ogre!
You barely miss the deep troll.
The snapping turtle completely misses you.
The snapping turtle bites you from afar.
* * * LOW HITPOINT WARNING * * *
The deep troll bites you!
* * * LOW HITPOINT WARNING * * *
The deep troll claws you but does no damage.
The deep troll claws you!
* * * LOW HITPOINT WARNING * * *
Okay, then.
Okay, then.
Okay, then.
Okay, then.
You draw a card...
You have drawn the Pentagram.
The ogre closely misses you. The snapping turtle barely misses you.
The snapping turtle misses you. The deep troll completely misses you.
The deep troll claws you.
* * * LOW HITPOINT WARNING * * *
The deep troll misses you.
Okay, then.
You feel yourself speed up. The snapping turtle misses you.
The snapping turtle closely misses you. The ogre is struck by your spines.
The ogre hits you with a +0 giant club!
* * * LOW HITPOINT WARNING * * *
The ogre misses you.
Your orange demon stings the deep troll from afar.
The deep troll looks as sick as possible!
Your orange demon poisons the deep troll!
The deep troll bites you!
You die...
Your body glows with a rainbow of weird colours and disappears.

.............
....)....#...
..O.........#
....... ..$.#
.....s. #..##
..(.∩..##...#
).....#Oh..##
.)††.tT@..<.#
)))))t#O)....#
))......4..†.#
.))...[..##.##
........## .#
...)...## ..
...)).# .##
.).). ##


You could see 2 snapping turtles, a deep troll (extremely poisoned, ally
target), an orb spider (misshapen), 2 ogres, a friendly orange demon (summoned)
and a friendly hell hound (summoned).

Vanquished Creatures
  A dire elephant (Lair:5)
  A minotaur (Gauntlet)
  An ogre mage (Orc:2)
  3 hydras (Lair:5)
  A two-headed ogre (D:10)
  An alligator (Orc:2)
  A sun demon (Lair:5)
  A shock serpent (Orc:2)
  An orb spider (Orc:2)
  A wizard (Gauntlet)
  A lindwurm (Orc:2)
  7 ugly things (D:11)
  3 oklob plants (Lair:5)
  A faun (Orc:2)
  A wolf spider (D:11)
  2 manticores
  A moth of wrath (Orc:2)
  A cyclops (Orc:2)
  3 merfolk sirens (Lair:2)
  An elephant (Lair:5)
  Joseph (D:8)
  A water nymph (Lair:2)
  An ice statue (IceCv)
  3 black mambas
  2 torpor snails
  Maggie (D:8)
  2 orange demons (Lair:5)
  8 cane toads
  A gargoyle (D:9)
  8 komodo dragons
  6 rime drakes
  An unseen horror (Orc:2)
  A red devil (Lair:5)
  A hellwing (Lair:5)
  7 ice devils
  A queen bee (Orc:2)
  2 trolls (Orc:2)
  A merfolk (Lair:2)
  2 raiju (Orc:2)
  10 blink frogs
  12 dream sheep (Lair:4)
  4 wyverns
  A spriggan (D:10)
  A shadow (D:11)
  55 yaks
  A vampire (D:9)
  3 steam dragons
  A chaos spawn (Lair:5)
  2 basilisks
  3 wargs (D:11)
  A death yak simulacrum (IceCv)
  A harpy simulacrum (IceCv)
  A naga (Orc:2)
  A hydra simulacrum (IceCv)
  15 water moccasins
  5 hell hounds (Lair:5)
  An orc warrior (D:11)
  2 ice beasts
  9 ogres
  2 black bears
  A boggart (Orc:2)
  7 wolves
  A centaur (D:5)
  2 kobold brigands
  13 bullfrogs
  2 scorpions
  A cane toad simulacrum (IceCv)
  5 jellies
  10 wights
  10 killer bees
  2 elephant simulacra (IceCv)
  3 howler monkeys
  A vampire bat (D:3)
  5 orc priests
  3 hounds
  4 iguanas
  Natasha (thrice) (D:4)
  7 orc wizards
  2 polar bear simulacra (IceCv)
  A spriggan simulacrum (IceCv)
  A wolf simulacrum (IceCv)
  4 troll simulacra (IceCv)
  A gnoll (D:8)
  5 adders
  2 naga simulacra (IceCv)
  3 shadow imps
  5 white imps
  3 ufetubi
  2 worms
  3 dart slugs
  21 orcs
  7 ball pythons
  11 bats
  7 endoplasms
  6 giant cockroaches
  8 goblins
  4 hobgoblins
  3 jackals
  13 kobolds
  2 quokkas
  6 frilled lizards
  4 rats
418 creatures vanquished.

Vanquished Creatures (collateral kills)
  Gastronok (D:10)
  A reaper (IceCv)
  A green death (Gauntlet)
  Fannar (Lair:1)
  Harold (Lair:2)
  A hydra (Lair:5)
  Sonja (Lair:2)
  An ice statue (IceCv)
  2 rime drakes (Lair:1)
  A komodo dragon (Lair:5)
  A polar bear (Lair:1)
  5 blink frogs
  A vampire (D:11)
  2 basilisks
  3 yaks
  A water moccasin (Lair:5)
  A floating eye (Lair:5)
  An orc warrior (D:11)
  2 wolves (Lair:2)
  2 wights (D:6)
  A hound (D:5)
  An adder (D:5)
  An orc (D:11)
33 creatures vanquished.

Vanquished Creatures (others)
  A wizard (Lair:5)
  A wight (D:6)
  A howler monkey (D:10)
  An orc wizard (D:7)
  A demonic plant (Gauntlet)
  39 fungi
  65 plants
109 creatures vanquished.

Grand Total: 560 creatures vanquished

Notes
Turn   | Place    | Note
-------+----------+-------------------------------------------
     0 | D:1      | GeoRichter the Demonspawn Artificer began the quest for the
                  | Orb.
     0 | D:1      | Reached XP level 1. HP: 15/15 MP: 1/1
    77 | D:1      | Reached skill level 1 in Stealth
   366 | D:1      | Gained mutation: You are partially covered in sharp spines.
                  | [demonic ancestry]
   366 | D:1      | Reached XP level 2. HP: 21/21 MP: 2/2
   817 | D:1      | Gained mutation: You are partially covered in icy blue
                  | scales. (AC +2) [demonic ancestry]
   817 | D:1      | Reached XP level 3. HP: 26/26 MP: 3/3
   895 | D:1      | Found a faded altar of an unknown god.
  1979 | D:3      | Reached XP level 4. HP: 32/32 MP: 4/4
  2462 | D:4      | Noticed Natasha
  2472 | D:4      | Killed Natasha
  2473 | D:4      | Reached skill level 5 in Evocations
  2473 | D:4      | Reached XP level 5. HP: 30/37 MP: 5/5
  2561 | D:4      | Noticed Natasha
  2567 | D:4      | Killed Natasha
  2808 | D:4      | Found a staircase to the Ecumenical Temple.
  2824 | Temple   | Entered the Ecumenical Temple
  3115 | Temple   | Became a worshipper of Nemelex Xobeh the Trickster
  3195 | D:4      | Found a shimmering altar of Xom.
  3196 | D:4      | Found a hazy altar of Hepliaklqana.
  3197 | D:4      | Noticed a spectral ugly thing
  3361 | D:4      | Noticed Natasha
  3641 | D:4      | Killed Natasha
  3894 | D:5      | Entered Level 5 of the Dungeon
  3939 | D:5      | Noticed an ice beast
  3964 | D:5      | Killed an ice beast
  3965 | D:5      | Gained mutation: Spells you cast may paralyse adjacent
                  | enemies. [demonic ancestry]
  3965 | D:5      | Reached XP level 6. HP: 26/43 MP: 2/6
  4273 | D:5      | Found a blossoming altar of Fedhas.
  4290 | D:5      | Reached skill level 1 in Invocations
  4290 | D:5      | Gained mutation: You have a pair of small horns on your
                  | head. [demonic ancestry]
  4290 | D:5      | Reached XP level 7. HP: 32/51 MP: 3/7
  4734 | D:6      | Reached skill level 5 in Stealth
  5157 | D:6      | Reached * piety under Nemelex Xobeh
  5330 | D:6      | Reached XP level 8. HP: 53/61 MP: 8/10
  5414 | D:6      | You fall into a shaft and drop 2 floors!
  5414 | D:8      | Received a gift from Nemelex Xobeh
  5427 | D:8      | Reached skill level 5 in Fighting
  5960 | D:6      | Received a gift from Nemelex Xobeh
  6294 | D:7      | Reached skill level 1 in Dodging
  6501 | D:7      | Reached skill level 5 in Invocations
  6792 | D:8      | Reached ** piety under Nemelex Xobeh
  7072 | D:8      | Found a broken altar of Ashenzari.
  7140 | D:8      | Received a gift from Nemelex Xobeh
  7393 | D:8      | Noticed Joseph
  7402 | D:8      | Found a snail-covered altar of Cheibriados.
  7403 | D:8      | Found a shimmering blue altar of Sif Muna.
  7416 | D:8      | Killed Joseph
  7417 | D:8      | Reached XP level 9. HP: 54/71 MP: 7/13
  7525 | D:8      | Reached skill level 1 in Axes
  7715 | D:8      | Found Huotho Oruo's General Store.
  7717 | D:8      | Found Xogi's Specific Store.
  7725 | D:8      | Bought a potion of curing for 39 gold pieces
  7725 | D:8      | Bought a potion of might for 52 gold pieces
  7725 | D:8      | Bought a potion of heal wounds for 65 gold pieces
  7776 | D:8      | Noticed Maggie
  7783 | D:8      | Killed Maggie
  7799 | D:8      | Reached skill level 2 in Axes
  7910 | D:8      | Found Uviur's Vocational Training.
  8113 | D:9      | Reached skill level 3 in Axes
  8193 | D:9      | Gained mutation: You are mostly covered in icy blue scales.
                  | (AC +3) [demonic ancestry]
  8193 | D:9      | Reached XP level 10. HP: 32/79 MP: 11/15
  8396 | D:9      | Received a gift from Nemelex Xobeh
  8484 | D:9      | Reached skill level 4 in Axes
  8688 | D:9      | Reached *** piety under Nemelex Xobeh
  9108 | D:9      | Noticed a gargoyle
  9117 | D:9      | Killed a gargoyle
  9751 | D:10     | Entered Level 10 of the Dungeon
  9763 | D:10     | Noticed Gastronok
  9773 | D:10     | Killed Gastronok
  9774 | D:10     | Reached skill level 5 in Axes
  9774 | D:10     | Reached skill level 5 in Armour
  9855 | D:10     | Received a gift from Nemelex Xobeh
  9885 | D:10     | Found a staircase to the Orcish Mines.
  9887 | D:10     | Noticed a two-headed ogre
  9894 | D:10     | Killed a two-headed ogre
  9895 | D:10     | Reached skill level 5 in Dodging
 10288 | D:10     | Identified a scroll of acquirement
 10288 | D:10     | Acquired a manual of Dodging
 10307 | D:11     | Found a staircase to the Lair.
 10317 | D:11     | Reached skill level 6 in Axes
 10320 | D:11     | Reached **** piety under Nemelex Xobeh
 10322 | D:11     | Noticed a cyan ugly thing
 10331 | D:11     | Killed a green ugly thing
 10332 | D:11     | Reached XP level 11. HP: 38/86 MP: 5/17
 10734 | D:11     | Received a gift from Nemelex Xobeh
 10842 | D:11     | Identified the +1 leather armour "Myckie" {rPois rC++ rN+}
 11023 | D:11     | Found a runed translucent gate.
 11023 | D:11     | Found a runed translucent gate.
 11023 | D:11     | Found a runed translucent gate.
 11024 | D:11     | Noticed a red ugly thing
 11024 | D:11     | Noticed a green ugly thing
 11034 | D:11     | Noticed a fire dragon
 11066 | D:11     | Identified the +5 long sword "Nepihoid" {elec, Fly rPois}
 11193 | D:11     | Noticed a wolf spider
 11193 | D:11     | a fire dragon changed into a wolf spider
 11197 | D:11     | Killed a wolf spider
 11345 | D:11     | Noticed a red ugly thing
 11346 | D:11     | Noticed a purple ugly thing
 11346 | D:11     | Noticed a green ugly thing
 11346 | D:11     | Noticed a green ugly thing
 11472 | Lair:1   | Entered Level 1 of the Lair of Beasts
 11472 | Lair:1   | Received a gift from Nemelex Xobeh
 11473 | Lair:1   | Noticed Fannar
 11479 | Lair:1   | Killed Fannar
 11480 | Lair:1   | Reached skill level 7 in Axes
 11672 | Lair:1   | Reached skill level 10 in Invocations
 12238 | Lair:1   | Reached ***** piety under Nemelex Xobeh
 12909 | Lair:2   | Noticed Harold
 13097 | Lair:2   | Reached skill level 8 in Axes
 13119 | Lair:2   | Found a staircase to the Shoals.
 13160 | Lair:2   | Received a gift from Nemelex Xobeh
 13317 | Lair:2   | Reached XP level 12. HP: 74/95 MP: 16/19
 13609 | Lair:2   | Noticed Nergalle
 13636 | Lair:2   | Noticed Nergalle
 13636 | Lair:2   | Nergalle changed into Nergalle the water nymph
 13638 | Lair:2   | Killed Nergalle the water nymph
 13829 | Lair:2   | Noticed Sonja
 13842 | Lair:2   | Killed Sonja
 13990 | Lair:2   | Killed Harold
 14476 | Lair:3   | Received a gift from Nemelex Xobeh
 14547 | Lair:3   | Reached skill level 9 in Axes
 14597 | Lair:3   | Found a frozen archway.
 14722 | IceCv    | Entered an ice cave
 15089 | IceCv    | Reached skill level 10 in Fighting
 15531 | IceCv    | Received a gift from Nemelex Xobeh
 15685 | IceCv    | Noticed a reaper
 15699 | IceCv    | Killed a reaper
 16078 | Lair:3   | Found a staircase to the Snake Pit.
 16602 | Lair:4   | Received a gift from Nemelex Xobeh
 16607 | Lair:4   | Reached skill level 10 in Axes
 16889 | Lair:4   | Gained mutation: Spells you cast may paralyse nearby
                  | enemies. [demonic ancestry]
 16889 | Lair:4   | Reached XP level 13. HP: 101/104 MP: 21/21
 17172 | Lair:4   | Reached skill level 10 in Dodging
 17608 | Lair:4   | Received a gift from Nemelex Xobeh
 18013 | Lair:5   | Entered Level 5 of the Lair of Beasts
 18457 | Lair:5   | Found a gate leading to a gauntlet.
 18459 | Lair:5   | Paralysed by a floating eye for 3 turns
 18478 | Lair:5   | Identified the -1 hand axe of Incongruity {vorpal, rPois}
 18480 | Lair:5   | Reached skill level 11 in Axes
 18493 | Lair:5   | Received a gift from Nemelex Xobeh
 18496 | Gauntlet | Entered a Gauntlet
 18496 | Gauntlet | Found a transporter.
 18496 | Gauntlet | Found a transporter.
 18714 | Gauntlet | Found a transporter.
 18718 | Gauntlet | Found a transporter.
 18726 | Gauntlet | Found a transporter.
 18730 | Gauntlet | Found a transporter.
 18741 | Gauntlet | Found a transporter.
 18751 | Gauntlet | Noticed a green death
 18754 | Gauntlet | Found a transporter.
 18771 | Gauntlet | Found a transporter.
 18772 | Gauntlet | Found a transporter.
 18780 | Gauntlet | Found a transporter.
 18784 | Gauntlet | Found a transporter.
 18855 | Gauntlet | Gained mutation: Your magical capacity is low. (-10% MP) [a
                  | neqoxec]
 18922 | Gauntlet | Identified the ring "Mattan" {Fire Will+ Int+3}
 18944 | Gauntlet | Identified the +3 executioner's axe "Naac" {distort, Str+7}
 18948 | Gauntlet | Killed a green death
 18955 | Gauntlet | Identified the +0 cloak of the Saviour {Slay+2}
 19143 | Gauntlet | Noticed a minotaur
 19150 | Gauntlet | Killed a minotaur
 19165 | Gauntlet | Got Zegiw's Guide on Damaging Heat
 19506 | Lair:5   | Found a staircase to the Slime Pits.
 19786 | Lair:5   | Received a gift from Nemelex Xobeh
 19876 | Lair:5   | Reached skill level 12 in Axes
 20092 | Lair:5   | Found a burning altar of Makhleb.
 20109 | Lair:5   | Gained mutation: You have a pair of horns on your head.
                  | [demonic ancestry]
 20109 | Lair:5   | Reached XP level 14. HP: 113/113 MP: 19/19
 20469 | Lair:5   | Found a gateway to Hell.
 20476 | Lair:5   | Identified the ring "Pyfui" {Wiz *Corrode rC++ Str+8 Dex-2}
 20601 | Lair:5   | Found a hide-covered altar of Uskayaw.
 21057 | D:11     | Found a runed translucent gate.
 21057 | D:11     | Found a runed translucent gate.
 21059 | D:11     | Noticed a cacodemon
 21061 | D:11     | Noticed Ubergnu's ghost (journeyman MiBe)
 21062 | D:11     | Found a runed translucent gate.
 21113 | Orc:1    | Entered Level 1 of the Orcish Mines
 21138 | Orc:2    | Entered Level 2 of the Orcish Mines
 21138 | Orc:2    | Found Ysaxtas's Magic Scroll Shoppe.
 21147 | Orc:2    | Reached skill level 13 in Axes
 21157 | Orc:2    | Slain by a deep troll

Illustrated notes

Levels and vault maps discovered:
D:1:      evilmike_arrival_plus, layout_basic,
          hellmonk_ecumenical_altar_heavens_door
D:2:      layout_rooms
D:3:      layout_basic, roderic_batcave, st_stairs_2, serial_bayou_pond_c,
          kennysheep_generic_room_15
D:4:      layout_rooms, regret_index_temple_of_mockery,
          minmay_temple_entry_gardened_gates, uniq_natasha
D:5:      layout_gridville, nicolae_overflow_crystal_walls, lemuel_doored_altar
D:6:      layout_basic
D:7:      layout_loops_ring
D:8:      layout_gridville, nicolae_overflow_hidden_temple,
          ashenzari_conservatory_becter, nicolae_specific_store,
          nicolae_shop_vocational, uniq_maggie, uniq_joseph
D:9:      layout_basic
D:10:     layout_cave_pools, orc_0_dummy, the_hattery, uniq_gastronok
D:11:     layout_grid_maze, erik_lair_orcish_takeover,
          ploomutoo_gammafunk_ghost_potion_laboratory
Temple:   oiseaux_autumnal_temple
Lair:1:   layout_hall_layers, serial_bayou_pond_d, lemuel_old_faithful,
          grunt_megastairs_4, uniq_fannar
Lair:2:   layout_loops_ring, elwin_shoals_entry_stream, uniq_sonja, uniq_harold,
          uniq_nergalle
Lair:3:   layout_regular_city, dummy_snake_entry, portal_ice_cave_rime,
          infiniplex_staircase_pool
Lair:4:   layout_cave_pods
Lair:5:   evil_forest, layout_concentric_octagons,
          nicolae_slime_entry_slimehenge, basic_altar, gauntlet_entry_generic,
          disabler_island
Orc:1:    layout_diamond_mine, serial_shops, nicolae_shop_window_shopping
Orc:2:    st_orc_open, layout_caves, serial_shops, nicolae_shop_hallway_plus,
          minmay_orc_keep

Skill      XL: |  1  2  3  4  5  6  7  8  9 10 11 12 13 14 |
---------------+-------------------------------------------+-----
Stealth        | 1 2 4 5 |  5.6
Evocations     | 4 5 6 |  6.0
Fighting       | 2 4 6 7 8 9 10 11 | 11.8
Invocations    | 1 3 6 7 9 10 | 10.9
Dodging        | 2 4 5 7 9 11 12 | 12.3
Armour         | 3 4 5 6 8 9 |  9.0
Axes           | 3 6 8 10 12 13 | 13.7

Action                   |  1- 3 |  4- 6 |  7- 9 | 10-12 | 13-15 || total
-------------------------+-------+-------+-------+-------+-------++-------
Melee: Club              |    18 |       |       |       |       ||    18
       Dagger            |    32 |       |       |       |       ||    32
       Punch             |     1 |     2 |     2 |     2 |       ||     7
       Hand axe          |    31 |    64 |   147 |   314 |       ||   556
       Mace              |    13 |       |       |       |       ||    13
       Headbutt          |       |       |    33 |   115 |    81 ||   229
       Battleaxe         |       |       |       |   123 |   316 ||   439
Invok: Draw Destruction  |       |       |    16 |    31 |    11 ||    58
       Draw Escape       |       |       |     3 |     3 |     1 ||     7
       Draw Summoning    |       |       |       |    14 |     6 ||    20
       Stack Five        |       |       |       |     1 |     1 ||     2
       Draw Stack        |       |       |       |     3 |     7 ||    10
       Deal Four         |       |       |       |       |     3 ||     3
Evoke: Wand              |     3 |    10 |    17 |    22 |     1 ||    53
       Tin of tremorston |       |       |       |     1 |       ||     1
  Use: Scroll            |       |     3 |     5 |    15 |     2 ||    25
       Potion            |       |     1 |     2 |     5 |     6 ||    14
 Stab: Sleeping          |     5 |     1 |     2 |     2 |     4 ||    14
       Distracted        |     1 |       |       |     2 |     2 ||     5
       Betrayed ally     |       |       |     1 |       |       ||     1
       Paralysed         |       |       |     8 |       |       ||     8
Armor: Leather armour    |    22 |    17 |       |       |       ||    39
       Ring mail         |       |     4 |    52 |       |       ||    56
       Swamp dragon scal |       |       |    22 |   119 |   136 ||   277
Dodge: Dodged            |    50 |    32 |    72 |   264 |   299 ||   717
